AoeStats
← Larkinstreet

Arabia

509993027Analyzed
2v2 RM · 5d ago on Sep 29, 2026· 16m 51s· 4 players
Game mode
Random Map
Map size
Medium (4 player)
Population
200
Speed
Normal
Resources
Standard
Victory
Conquest
Starting age
Dark Age
Ending age
Imperial Age
RankedLock teamsTeams togetherTeam positionsShared explorationLock speedFull tech treeHidden civsTurbo modeCheats
Victory
Defeat
🇦🇺 Saxons · Australia
1126
+12
🇺🇸 Lithuanians · United States
1066
+13
🇦🇷 Burgundians · Argentina
1034
-13
🇨🇱 Magyars · Chile
1017
-12
Nahu
3:32 Loom
7:05 Double-Bit Axe
8:41 Wheelbarrow
10:43 Feudal Age
12:10 Bow Saw
12:31 Hand Cart
LRNI Streck
6:58 Loom
8:45 Loom
10:54 Feudal Age
12:17 Double-Bit Axe
17:53 Castle Age
Larkinstreet
7:06 Loom
9:16 Feudal Age
10:40 Double-Bit Axe
15:51 Gold Mining
15:43 Man-at-Arms
toesucker69
7:50 Loom
9:49 Feudal Age
10:10 Man-at-Arms
12:34 Arson
Connection lost

Rejoining the realm…

Still unreachable

The connection could not be restored.

Session expired

The server has moved on; the page needs a fresh start.